 Dungeon Crawl Stone Soup version 0.23.2-1-ga50397a (webtiles) character file.

Game seed: 3116136425255413302

79 Fang the Skirmisher (level 4, -2/43 HPs)
             Began as a Gargoyle Berserker on May 29, 2019.
             Was a Believer of Trog.
             Slain by a killer bee (6 damage)
             ... on level 2 of the Dungeon.
             The game lasted 00:01:31 (1483 turns).

Fang the Skirmisher (Gargoyle Berserker)            Turns: 1483, Time: 00:01:31

Health: -2/43      AC:  5    Str: 26    XL:     4   Next: 37%
Magic:  4/4        EV: 12    Int:  8    God:    Trog [**....]
Gold:   89         SH:  0    Dex:  9    Spells: 3/3 levels left

rFire    . . .     SeeInvis .   a - +0 hand axe
rCold    . . .     Gourm    .   (no shield)
rNeg     + . .     Faith    .   b - +0 animal skin
rPois    ∞         Spirit   .   (no helmet)
rElec    +         Reflect  .   (no cloak)
rCorr    .         Harm     .   (no gloves)
MR       .....                  (no boots)
Stlth    ..........             (no amulet)
HPRegen  0.14/turn              (no ring)
MPRegen  0.09/turn              (no ring)

@: berserking, very quick
A: negative energy resistance 1, electricity resistance, unbreathing,
petrification resistance, rot immunity, AC +3
a: Berserk, Trog's Hand, Renounce Religion


You were on level 2 of the Dungeon.
You worshipped Trog.
Trog was pleased with you.
You were near starving.

You visited 1 branch of the dungeon, and saw 3 of its levels.

You collected 89 gold pieces.

Inventory:

Hand Weapons
 a - a +0 hand axe (weapon)
Armour
 b - a +0 animal skin (worn)
Jewellery
 d - a +3 ring of dexterity {unknown}
Scrolls
 e - 2 scrolls of identify {unknown}
 g - 3 scrolls of teleportation {unknown}
 i - 2 scrolls of noise {unknown}
Potions
 f - a potion of berserk rage {unknown}
 h - a potion of agility {unknown}
 j - a potion of curing {unknown}
 k - a potion of heal wounds {unknown}
Comestibles
 c - 5 rations


   Skills:
 + Level 3.9 Fighting
 + Level 3.2 Axes
 + Level 3.1 Armour
 + Level 2.3 Dodging


You had 3 spell levels left.
You didn't know any spells.
Your spell library was empty.

Dungeon Overview and Level Annotations

Branches:
Dungeon (3/15)

Altars:
Elyvilon
Uskayaw
The Shining One


Innate Abilities, Weirdness & Mutations

You are resistant to torment.
Your stone body is resilient. (AC +3)
You are immune to poison.
You resist negative energy. (rN+)
You are resistant to electric shocks. (rElec)
You can survive without breathing.
You are immune to petrification.
You are immune to rotting.


Message History

The killer bee stings you but does no damage. x2
The killer bee misses you.
The killer bee stings you but does no damage.
The killer bee stings you. The killer bee barely misses you.
The killer bee stings you but does no damage.
Okay, then.
The killer bee stings you. The killer bee closely misses you. x2
There is a stone staircase leading up here.
The killer bee stings you.
The killer bee stings you but does no damage.
The killer bee stings you!
* * * LOW HITPOINT WARNING * * *
You climb upwards.
There is a stone staircase leading down here.
A red film seems to cover your vision as you go berserk!
You feel yourself moving faster!
You feel mighty!
You are near starving!
The killer bee stings you but does no damage.
The killer bee stings you.
You die...

.# #.# #.# #.# .# #.# #.# #.#
## #.######.# #.#### #
#........# #....## ##
#.#####..######.###.#
.####### #.# #........## ##.
.......# ##.#####.######.# #.
.#####<# #....y##.# #.## ##.
## ###########@##.# ##.###.#
# ###_### #y##.#### #....##
#######.....# #.......#
#.#### .....##♣...♣#
#.##.##.# #.#
#######.....####..#.##.####.#
#♣...♣##..............#
#########'######..#.##.####.#
...##...............##......#
....)...########........#####


You could see 2 killer bees.

Vanquished Creatures
  3 adders (D:2)
  An ooze (D:1)
  3 dart slugs
  3 bats
  2 giant cockroaches (D:1)
  5 goblins
  6 hobgoblins
  3 jackals (D:2)
  8 kobolds
  4 rats
38 creatures vanquished.

Notes
Turn   | Place    | Note
-------+----------+-------------------------------------------
     0 | D:1      | Fang the Gargoyle Berserker began the quest for the Orb.
     0 | D:1      | Reached XP level 1. HP: 14/14 MP: 1/1
   133 | D:1      | Reached XP level 2. HP: 19/19 MP: 2/2
   322 | D:1      | Reached XP level 3. HP: 19/23 MP: 3/3
   816 | D:2      | Reached XP level 4. HP: 15/29 MP: 4/4
   975 | D:2      | Found a hide-covered altar of Uskayaw.
  1012 | D:2      | Found a glowing golden altar of the Shining One.
  1168 | D:2      | Reached ** piety under Trog
  1227 | D:2      | Found a white marble altar of Elyvilon.
  1483 | D:2      | Slain by a killer bee

Skill      XL: |  1  2  3  4 |
---------------+-------------+-----
Axes           | 3 |  3.2
Dodging        | 2 |  2.3
Armour         | 3 |  3.1
Fighting       | |  3.9

Action                   |  1- 3 |  4- 6 || total
-------------------------+-------+-------++-------
Melee: Hand axe          |   106 |    31 ||   137
Invok: Berserk           |       |     1 ||     1
  Eat: Chunk             |       |     1 ||     1
Armor: Animal skin       |    40 |    14 ||    54
Dodge: Dodged            |    70 |    32 ||   102
